 Dungeon Sprint DCSS version 0.17-a0-2215-g49c1de0 (webtiles) character file.

454 vev the Fighter (level 7, -1/88 HPs)
             Began as an Ogre Berserker on Oct 28, 2015.
             Was a Priest of Trog.
             Slain by Sonja
             ... wielding a +0 dagger of distortion
              (2 damage)
             ... while paralysed by a giant eyeball
             ... in the Dungeon (Sprint I: "Red Sonja").
             The game lasted 00:03:57 (1194 turns).

vev the Fighter (Ogre Berserker)                    Turns: 1194, Time: 00:03:57

Health: -1/88      AC:  3    Str: 25    XL:     7   Next: 5%
Magic:  7/7        EV:  1    Int:  6    God:    Trog [***...]
Gold:   297        SH:  0    Dex:  9    Spells: 0 memorised, 6 levels left

rFire  . . .     SeeInvis .     a - +0 mace
rCold  . . .     Clarity  .     b - +0 animal skin
rNeg   . . .     SustAt   .     (no shield)
rPois  .         Gourm    .     (helmet restricted)
rElec  .         Spirit   .     (no cloak)
rCorr  .         Warding  .     (gloves unavailable)
rMut   .         NoTele   +     (boots unavailable)
MR     .....                    (no amulet)
Stlth  +.........               (no ring)
                                (no ring)

@: paralysed, lethally poisoned (-1 -> -2), slowed, not resistant to hostile
enchantments, very unstealthy
A: unfitting armour, tough skin 1, subdued magic 1
a: Berserk, Trog's Hand, Burn Spellbooks, Renounce Religion


You were in the Dungeon.
You worshipped Trog.
Trog was most pleased with you.
You were not hungry.

You visited 1 branch You collected 297 gold pieces.

Inventory:

Hand Weapons
 a - a +0 mace (weapon)
 j - a +0 giant club
Armour
 b - a +0 animal skin (worn)
Scrolls
 i - a scroll of blinking
 l - a scroll of summoning {unknown}
Potions
 d - a potion of curing
 f - a potion of haste
 g - 2 potions of magic
 h - a potion of berserk rage
 k - a potion of degeneration {unknown}
Comestibles
 c - a bread ration


   Skills:
 + Level 11.4 Fighting
 + Level 11.2 Maces & Flails
 + Level 8.4 Dodging


You had 6 spell levels left.
You didn't know any spells.

Dungeon Overview and Level Annotations

Branches:
Dungeon (1/1)

Altars:
Elyvilon
Gozag
Kikubaaqudgha
Makhleb
Nemelex Xobeh
Okawaru
Qazlal
Ru
Sif Muna
Vehumet
Xom
Yredelemnul
Zin
The Shining One

Shops:
D =(

Annotations:
D Sonja


Innate Abilities, Weirdness & Mutations

You are too large for most types of armour.
You have tough skin (AC +1).
Your spells are a little easier to cast, but a little less powerful.


Message History

You feel sick.
Sonja unwields an uncursed blowgun.
Sonja wields an uncursed dagger of distortion.
Its appearance distorts for a moment.
Sonja hits you with an uncursed dagger of distortion.
Sonja hits you but does no damage. Space bends around you.
* * * LOW HITPOINT WARNING * * *
Sonja hits you with an uncursed dagger of distortion.
* * * LOW HITPOINT WARNING * * *
Sonja hits you with an uncursed dagger of distortion.
* * * LOW HITPOINT WARNING * * *
Sonja hits you with an uncursed dagger of distortion.
* * * LOW HITPOINT WARNING * * *
Space warps horribly around you!
* * * LOW HITPOINT WARNING * * *
Sonja hits you with an uncursed dagger of distortion.
* * * LOW HITPOINT WARNING * * *
Sonja hits you but does no damage. Space warps horribly around you!
* * * LOW HITPOINT WARNING * * *
Sonja hits you but does no damage. Space bends around you.
You die...

#..#####'#####'#
#..# #..#...#.#
#..#__####..##.#
#..#_..__##'#..+
#⌠⌠#_.∩...K..._#
####_..._##_.#+#
#____ ##§#
############.##
#@K(..((..'§.$+
###'''G####(.$#
G....# ##.##
..G...# #+#
#.....# .....#
..#..# ....G#


You could see a shining eye, Sonja and a giant eyeball.

Vanquished Creatures
  Sigmund (D)
  A yak (D)
  An ogre (D)
  A jelly (D)
  Ijyb (D)
5 creatures vanquished.

Notes
Turn   | Place    | Note
--------------------------------------------------------------
     0 | D        | vev the Ogre Berserker began the quest for the Orb.
     0 | D        | Reached XP level 1. HP: 24/24 MP: 1/1
     1 | D        | Noticed Ijyb
    36 | D        | Killed Ijyb
    36 | D        | Reached skill level 5 in Fighting
    36 | D        | Reached skill level 5 in Maces & Flails
    36 | D        | Reached XP level 2. HP: 15/36 MP: 2/2
    36 | D        | Reached XP level 3. HP: 18/44 MP: 3/3
   220 | D        | Noticed an ogre
   227 | D        | Killed an ogre
   227 | D        | Reached ** piety under Trog
   227 | D        | Reached skill level 8 in Fighting
   227 | D        | Reached XP level 4. HP: 9/57 MP: 4/4
   227 | D        | Reached XP level 5. HP: 9/63 MP: 5/5
   505 | D        | Noticed Sigmund
   516 | D        | Killed Sigmund
   516 | D        | Reached skill level 10 in Fighting
   516 | D        | Reached skill level 10 in Maces & Flails
   516 | D        | Reached XP level 6. HP: 51/78 MP: 6/6
   643 | D        | Found a deep blue altar of Sif Muna.
   644 | D        | Noticed a jelly
   645 | D        | Found a radiant altar of Vehumet.
   649 | D        | Killed a jelly
   829 | D        | Found Juethroda's Weapon Emporium.
   829 | D        | Found a white marble altar of Elyvilon.
   829 | D        | Found a stormy altar of Qazlal.
   829 | D        | Found a basalt altar of Yredelemnul.
   829 | D        | Found an iron altar of Okawaru.
   829 | D        | Found a sparkling altar of Nemelex Xobeh.
   829 | D        | Found a shimmering altar of Xom.
   829 | D        | Found an ancient bone altar of Kikubaaqudgha.
   829 | D        | Noticed a yak
   852 | D        | Killed a yak
   852 | D        | Reached *** piety under Trog
   852 | D        | Reached skill level 11 in Fighting
   852 | D        | Reached XP level 7. HP: 17/88 MP: 7/7
   853 | D        | Found a burning altar of Makhleb.
   853 | D        | Found a sacrificial altar of Ru.
   853 | D        | Found a glowing golden altar of the Shining One.
   853 | D        | Found an opulent altar of Gozag.
   853 | D        | Found a glowing silver altar of Zin.
  1166 | D        | Noticed Sonja
  1182 | D        | Found Kulock's Jewellery Boutique.
  1191 | D        | Noticed a shining eye
  1191 | D        | Noticed a shining eye
  1191 | D        | Noticed a shining eye
  1191 | D        | Gained mutation: Your spells are a little easier to cast, but a little less powerful. [a shining eye]
  1192 | D        | Paralysed by a giant eyeball for 4 turns
  1194 | D        | HP: 1/88 [Sonja/uncursed dagger of distortion (6)]
  1194 | D        | Slain by Sonja

Vault maps used:
D:        dungeon_sprint_1

Action                   |  1- 3 |  4- 6 |  7- 9 || total
-------------------------+-------+-------+-------++-------
Melee: Mace              |    40 |    34 |       ||    74
Invok: Berserk           |       |     1 |       ||     1
  Use: Potion            |       |       |     2 ||     2
  Eat: Chunk             |       |       |     2 ||     2
